 Dungeon Crawl Stone Soup version 0.29.1-1-gd02db6906a (webtiles) character file.

Game seed: 2686709515229645820

16662 ImASeal the Fighter (level 12, -4/127 HPs)
             Began as a Troll Fighter on Oct 2, 2022.
             Was an Initiate of Gozag.
             Slain by an orc knight
             ... wielding a +3 halberd
              (13 damage)
             ... on level 1 of the Orcish Mines on Oct 3, 2022.
             The game lasted 00:50:31 (11822 turns).

ImASeal the Fighter (Troll Fighter)                Turns: 11822, Time: 00:50:32

Health: -4/127     AC: 15    Str: 31    XL:     12   Next: 12%
Magic:  11/11      EV: 11    Int:  4    God:    Gozag
Gold:   4161       SH: 16    Dex: 15    Spells: 11/11 levels left

rFire   . . .      SeeInvis .   b - +2 flail (protect)
rCold   . . .      Faith    .   c - +0 kite shield
rNeg    . . .      Spirit   .   Q - +0 acid dragon scales
rPois   .          Reflect  +   i - +0 hat
rElec   .          Harm     .   (no cloak)
rCorr   +          Rampage  .   (gloves unavailable)
Will    +....                   (boots unavailable)
Stlth   +.........              s - amulet of reflection
HPRegen 1.11/turn               m - +6 ring of dexterity
MPRegen 0.12/turn               E - ring of willpower

@: under a protective aura
A: large, unfitting armour, claws 3, regeneration 1, shaggy fur 1, tough skin 1,
mutation resistance 1
a: Renounce Religion, Potion Petition, Call Merchant, Bribe Branch


You were on level 1 of the Orcish Mines.
You worshipped Gozag.
Gozag was most pleased with you.
You visited 4 branches of the dungeon, and saw 13 of its levels.
You also visited: Ossuary and Bailey.

You collected 4229 gold pieces.
You paid 68 gold pieces to Gozag.

Inventory:

Hand Weapons
 b - a +2 flail of protection (weapon)
 U - the +7 quarterstaff of Annihilation {vorpal, Will++ Int-2 Dex+5}
   (You took it off an orc on level 8 of the Dungeon)

   It inflicts extra damage upon your enemies.
   Int:       It affects your intelligence (-2).
   Dex:       It affects your dexterity (+5).
   Will:      It greatly increases your willpower.
Missiles
 o - 56 stones (quivered)
 p - 5 large rocks
 F - 13 poisoned darts
 Z - a curare-tipped dart
Armour
 c - a +0 kite shield (worn)
 i - a +0 hat (worn)
 Q - +0 acid dragon scales (worn)
Jewellery
 m - a +6 ring of dexterity (left claw)
 s - an amulet of reflection (around neck)
 A - a ring of protection from cold
 E - a ring of willpower (right claw)
 M - a ring of protection from cold
 O - a +4 ring of evasion
 W - a ring of protection from cold
Wands
 C - a wand of flame (7)
 D - a wand of roots (10)
 Y - a wand of acid (6)
Scrolls
 e - 6 scrolls of teleportation
 g - 4 scrolls of identify
 j - 3 scrolls of brand weapon {unknown}
 k - 5 scrolls of amnesia
 q - 3 scrolls of vulnerability
 r - a scroll of magic mapping
 x - 5 scrolls of summoning
 y - 5 scrolls of enchant weapon
 B - a scroll of poison {unknown}
 I - a scroll of fear {unknown}
 L - 3 scrolls of noise {unknown}
 N - 5 scrolls of enchant armour
 T - a scroll of blinking {unknown}
 V - a scroll of fog {unknown}
 X - a scroll of torment {unknown}
Potions
 d - 2 potions of might
 f - 3 potions of flight {unknown}
 l - 6 potions of invisibility
 n - 3 potions of curing
 u - a potion of mutation
 v - 2 potions of attraction {unknown}
 w - a potion of cancellation {unknown}
 z - 2 potions of ambrosia {unknown}
 G - 3 potions of lignification {unknown}
 H - 3 potions of haste
 J - 3 potions of degeneration {unknown}
 K - 4 potions of brilliance {unknown}
 P - 2 potions of resistance {unknown}
 R - 2 potions of magic {unknown}


   Skills:
 + Level 10.4 Fighting
 + Level 9.9 Maces & Flails
 + Level 1.6 Throwing
 + Level 3.0 Armour
 + Level 6.6 Dodging
 + Level 9.0 Shields
 + Level 1.0 Evocations


You had 11 spell levels left.
You didn't know any spells.
Your spell library contained the following spells:

 Spells                   Type           Power      Damage    Failure   Level
 Necrotise                Necr           0%         1d4       78%         1
 Poisonous Vapours        Pois/Air       0%         N/A       89%         2
 Static Discharge         Conj/Air       0%         3-3/arc   89%         2
 Sublimation of Blood     Necr           0%         N/A       89%         2
 Wereblood                Tmut           0%         N/A       89%         2
 Vampiric Draining        Necr           0%         2d6       98%         3
 Animate Armour           Summ/Erth      0%         N/A       100%        4
 Dispel Undead            Necr           0%         3d6       100%        4
 Sticky Flame             Conj/Fire      0%         2d3       100%        4
 Agony                    Necr           0%         N/A       100%        5
 Blade Hands              Tmut           0%         N/A       100%        5
 Lightning Bolt           Conj/Air       0%         1d11      100%        5
 Iron Shot                Conj/Erth      0%         9d1       100%        6
 Summon Hydra             Summ           0%         N/A       100%        7
 Maxwell's Capacitive Co  Air            0%         ∞         100%        8
 Corpse Rot               Necr/Pois/Air  Unusable   N/A       N/A         4

Dungeon Overview and Level Annotations

Branches:
Dungeon (9/15)             Temple (1/1) D:6            Lair (1/5) D:9
    Orc (2/2) D:9         Ossuary (visited)          Bailey (visited)
    Elf: Orc:2

Altars:
Ashenzari
Cheibriados
Dithmenos
Elyvilon
Fedhas
Gozag
Kikubaaqudgha
Makhleb
Nemelex Xobeh
Okawaru
Qazlal
Ru
Sif Muna
Trog
Uskayaw
Vehumet
Wu Jian
Xom
Yredelemnul
Zin
The Shining One

Shops:
Orc:1 :


Innate Abilities, Weirdness & Mutations

You are too large for most types of armour.
You have claws for hands.
Your natural rate of healing is unusually fast.
You are covered in fur. (AC +1)
You have tough skin. (AC +1)
You are somewhat resistant to further mutation.


Message History

You block the orc knight's attack.
You closely miss the orc knight.
The orc knight is almost dead.
The orc warrior closely misses you. You block the orc knight's attack.
You closely miss the orc knight.
The orc knight is almost dead.
You block the orc warrior's attack.
The orc knight hits you with a +3 halberd!!
You hit the orc knight.
The orc knight is almost dead.
The orc hits you but does no damage. You block the orc warrior's attack.
You block the orc knight's attack.
You hit the orc knight.
The orc knight is almost dead.
You block the orc's attack.
The orc warrior hits you with a +0 scimitar!!
* * * LOW HITPOINT WARNING * * *
The orc knight hits you with a +3 halberd.
* * * LOW HITPOINT WARNING * * *
You hit the orc warrior.
The orc warrior is heavily wounded.
The orc barely misses you. You block the orc warrior's attack.
The orc knight hits you with a +3 halberd.
* * * LOW HITPOINT WARNING * * *
You hit the orc knight but do no damage.
The orc knight is almost dead.
The orc misses you. You block the orc warrior's attack.
The orc knight hits you with a +3 halberd!
* * * LOW HITPOINT WARNING * * *
You closely miss the orc knight.
The orc knight is almost dead.
You block the orc's attack.
The orc warrior hits you but does no damage.
The orc knight barely misses you.
You feel better. You block the orc's attack.
The orc warrior hits you with a +0 scimitar!
* * * LOW HITPOINT WARNING * * *
The orc knight hits you with a +3 halberd!
You die...
Your body crumbles into a pile of gold.

####### ### ##.#...#######.###
#### #.......#...#....#### ##..##
#......#.....#......## #....#
#...........#........# ##..##
#................#..######...##
#..#.............######.......##
....#..........[[o.#.#.........##
#...##.........)@[....#..........
##..###..).....oo................
#...##........................#.
##.###.......................#.#
####.......................#...
###.......................##.#
##.##<....................##...
#.............................#
##.....................#......##


You could see an orc knight, an orc warrior (strong) and an orc (strong).

Vanquished Creatures
  3 two-headed ogres
  The ghost of caveywoolpert the Cleaver, a novice MiBe of Trog (D:6)
  An orc knight (Bailey)
  An orc sorcerer (Orc:1)
  A cyclops (Orc:1)
  A cane toad (D:9)
  Maggie (D:8)
  2 hornets
  Grinder (D:3)
  A shadow (D:8)
  3 wyverns
  6 yaks (D:8)
  A warg (Orc:2)
  Duvessa (D:5)
  17 orc warriors
  An ice beast (D:6)
  2 sky beasts
  2 black bears
  7 ogres
  2 centaurs (D:9)
  3 phantoms
  3 kobold brigands
  The ghost of decrepitue the Caller, an amateur OpSu (D:3)
  2 bullfrogs
  10 scorpions
  A necrophage (D:4)
  5 wights (D:9)
  Dowan (D:5)
  7 killer bees
  9 howler monkeys (D:8)
  An electric eel (D:6)
  4 hounds
  7 orc priests
  A gnoll bouda (D:8)
  A jelly (D:5)
  Ijyb (D:3)
  4 iguanas
  15 orc wizards
  7 scorpion zombies (Ossuary)
  3 mummies (Ossuary)
  Robin (D:2)
  22 gnolls
  19 adders
  A shadow imp (D:8)
  A white imp (D:8)
  2 ufetubi
  4 worms
  4 dart slugs
  61 orcs
  4 bats
  4 endoplasms
  3 giant cockroaches
  16 goblins
  10 hobgoblins
  5 quokkas
  9 ball pythons
  4 frilled lizards
  2 gnoll zombies (Ossuary)
  3 goblin zombies (Ossuary)
  20 kobolds
  A kobold zombie (Ossuary)
  An orc zombie (Ossuary)
  3 rats
341 creatures vanquished.

Vanquished Creatures (collateral kills)
  2 orc warriors (Orc:2)
  An orc (Orc:2)
3 creatures vanquished.

Vanquished Creatures (others)
  5 plants (D:4)
5 creatures vanquished.

Grand Total: 349 creatures vanquished

Notes
Turn   | Place    | Note
-------+----------+-------------------------------------------
     0 | D:1      | ImASeal the Troll Fighter began the quest for the Orb.
     0 | D:1      | Reached XP level 1. HP: 22/22 MP: 0/0
   267 | D:1      | Found a faded altar of an unknown god.
   272 | D:1      | Reached XP level 2. HP: 29/29 MP: 1/1
   872 | D:2      | Reached XP level 3. HP: 36/36 MP: 2/2
  1331 | D:2      | Reached XP level 4. HP: 44/44 MP: 3/3
  1334 | D:2      | Noticed Robin
  1362 | D:2      | Killed Robin
  1650 | D:3      | Reached XP level 5. HP: 30/52 MP: 4/4
  1705 | D:3      | Found a runed translucent gate.
  1705 | D:3      | Found a runed translucent gate.
  1707 | D:3      | Found a runed translucent gate.
  1712 | D:3      | Found an opulent altar of Gozag.
  1715 | D:3      | Noticed decrepitue's ghost (amateur OpSu)
  1715 | D:3      | Noticed a sky beast
  1732 | D:3      | Killed a sky beast
  1733 | D:3      | Reached skill level 3 in Fighting
  1735 | D:3      | Killed decrepitue's ghost
  1736 | D:3      | Reached XP level 6. HP: 26/61 MP: 5/5
  1814 | D:3      | Became a worshipper of Gozag Ym Sagoz the Greedy
  2009 | D:3      | Noticed Grinder
  2017 | D:3      | Paralysed by Grinder for 3 turns
  2025 | D:3      | Noticed Ijyb
  2038 | D:3      | Killed Ijyb
  2044 | D:3      | Paralysed by Grinder for 2 turns
  2056 | D:3      | Killed Grinder
  2057 | D:3      | Reached XP level 7. HP: 56/67 MP: 6/6
  2422 | D:4      | Found a stormy altar of Qazlal.
  2547 | D:4      | Reached skill level 5 in Shields
  2579 | D:4      | Found a sand-covered staircase.
  2584 | Ossuary  | Entered an ossuary
  2616 | Ossuary  | Reached skill level 5 in Maces & Flails
  2927 | Ossuary  | Reached XP level 8. HP: 35/78 MP: 7/7
  3121 | Ossuary  | Reached skill level 4 in Fighting
  3704 | D:5      | Entered Level 5 of the Dungeon
  4415 | D:5      | Noticed Duvessa
  4415 | D:5      | Noticed Dowan
  4435 | D:5      | Killed Duvessa
  4436 | D:5      | Reached XP level 9. HP: 43/85 MP: 8/8
  4444 | D:5      | Killed Dowan
  5294 | D:6      | Reached skill level 5 in Dodging
  5501 | D:6      | Found a large runed translucent door.
  5501 | D:6      | Found a large runed translucent door.
  5532 | D:6      | Found a staircase to the Ecumenical Temple.
  5680 | D:6      | Noticed caveywoolpert's ghost (novice MiBe)
  5840 | D:6      | Reached skill level 5 in Fighting
  6374 | Temple   | Entered the Ecumenical Temple
  6558 | D:7      | HP: 2/88 [something (6)]
  6736 | D:7      | Found a flagged portal.
  6743 | Bailey   | Entered a bailey
  7002 | Bailey   | Reached skill level 10 in Fighting
  7002 | Bailey   | Reached XP level 10. HP: 110/110 MP: 9/9
  7210 | Bailey   | Noticed an orc knight
  7262 | Bailey   | Killed an orc knight
  7263 | Bailey   | Reached skill level 1 in Throwing
  7263 | Bailey   | Reached XP level 11. HP: 117/117 MP: 10/10
  7300 | D:7      | Acquired 929 gold pieces
  7431 | D:7      | Reached skill level 1 in Evocations
  7646 | D:7      | Gained mutation: Your magical capacity is low. (-10% MP)
                  | [potion of mutation]
  7647 | D:7      | Lost mutation: Your magical capacity is low. (-10% MP)
                  | [potion of mutation]
  7647 | D:7      | Gained mutation: You are partially covered in iridescent
                  | scales. (AC +2) [potion of mutation]
  7647 | D:7      | Gained mutation: Your body sometimes deteriorates upon
                  | taking damage. [potion of mutation]
  7647 | D:7      | Gained mutation: You are agile. (Dex +4, Str/Int -1)
                  | [potion of mutation]
  7648 | D:7      | Lost mutation: Your body sometimes deteriorates upon taking
                  | damage. [potion of mutation]
  7648 | D:7      | Lost mutation: You are agile. (Dex +4, Str/Int -1) [potion
                  | of mutation]
  7648 | D:7      | Lost mutation: You are partially covered in iridescent
                  | scales. (AC +2) [potion of mutation]
  7648 | D:7      | Gained mutation: You are somewhat resistant to further
                  | mutation. [potion of mutation]
  8140 | D:8      | Noticed Maggie
  8170 | D:8      | Killed Maggie
  8331 | D:8      | Found a shimmering blue altar of Sif Muna.
  8362 | D:8      | Identified the +7 quarterstaff of Annihilation {vorpal,
                  | Will++ Int-2 Dex+5}
  8908 | D:6      | Killed caveywoolpert's ghost
  9146 | D:9      | Reached skill level 1 in Armour
  9235 | D:9      | Found a staircase to the Orcish Mines.
  9353 | D:9      | Found an iron altar of Okawaru.
  9501 | D:9      | Noticed a two-headed ogre
  9508 | D:9      | Killed a two-headed ogre
  9659 | D:9      | Found a staircase to the Lair.
  9729 | D:9      | Paralysed by a hornet for 2 turns
  9952 | Lair:1   | Entered Level 1 of the Lair of Beasts
 10222 | Orc:1    | Entered Level 1 of the Orcish Mines
 10415 | Orc:2    | Entered Level 2 of the Orcish Mines
 10562 | Orc:2    | Noticed a two-headed ogre
 10603 | Orc:2    | Killed a two-headed ogre
 10766 | Orc:1    | Found Soemux's Book Emporium.
 11167 | Orc:2    | Noticed an orc sorcerer
 11229 | Orc:2    | Paralysed by an orc sorcerer for 4 turns
 11239 | Orc:1    | Killed an orc sorcerer
 11240 | Orc:1    | Reached XP level 12. HP: 58/127 MP: 11/11
 11445 | Orc:2    | Noticed a two-headed ogre
 11470 | Orc:2    | Killed a two-headed ogre
 11491 | Orc:2    | HP: 5/127 [ogre/+0 giant club (25)]
 11822 | Orc:1    | Slain by an orc knight

Illustrated notes

Levels and vault maps discovered:
D:1:      minmay_arrival_stair_chambers, layout_basic,
          chequers_ecumenical_altar_grove, nrook_loot_triangle,
          minmay_box_of_dots
D:2:      minmay_general_purpose_star, layout_basic, columned_hall_lemuel,
          kennysheep_decorative_pillar, uniq_robin
D:3:      layout_rooms, ebering_ghost_gozag, minmay_increasing_density,
          uniq_grinder, uniq_ijyb
D:4:      layout_loops_ring, mainiacjoe_overflow_surrounded_room,
          nicolae_ossuary_entry_plus, guppyfry_early_lair_pool
D:5:      wad_river_or_something, layout_basic, uniq_duvessa
D:6:      layout_cave_pods, temple_doors_e, ebering_ghost_disaster_area,
          amcnicky_mini_pool_small, grunt_ministairs_6, kennysheep_small_spiral,
          serial_park_tiny_2
D:7:      layout_rooms, enter_bailey_3
D:8:      layout_loops_ring, mainiacjoe_overflow_chevrons, uniq_maggie
D:9:      layout_roguey, okawaru_gym_becter, lair_entry_dummy, orc_0_dummy
Temple:   nicolae_temple_no_exploring_needed
Lair:1:   layout_misc_corridors, lemuel_fruit_tree, infiniplex_staircase_pool_2,
          uniq_gastronok
Orc:1:    layout_caves, serial_shops, nicolae_shop_competitors_out_of_business
Orc:2:    st_orc_congregation, layout_diamond_mine

Skill      XL: |  1  2  3  4  5  6  7  8  9 10 11 12 |
---------------+-------------------------------------+-----
Maces & Flails | 2 3 4 5 6 8 9 |  9.9
Shields        | 3 4 5 6 7 8 9 |  9.0
Dodging        | 3 4 5 6 |  6.6
Fighting       | 3 4 10 | 10.4
Throwing       | 1 |  1.6
Evocations     | 1 |  1.0
Armour         | 2 3 |  3.0

Action                   |  1- 3 |  4- 6 |  7- 9 | 10-12 || total
-------------------------+-------+-------+-------+-------++-------
Melee: Flail             |    92 |   127 |   594 |   684 ||  1497
Throw: Stone             |       |     2 |    23 |    11 ||    36
       Dart              |       |       |       |    15 ||    15
Evoke: Wand              |       |       |    18 |    11 ||    29
  Use: Potion            |       |     2 |     9 |    18 ||    29
       Scroll            |       |     1 |     7 |     7 ||    15
 Stab: Sleeping          |       |     1 |     6 |       ||     7
       Distracted        |       |       |       |     2 ||     2
       Paralysed         |       |       |       |     1 ||     1
Armor: Robe              |    30 |    34 |    90 |    13 ||   167
       Acid dragon scale |       |       |       |   107 ||   107
Dodge: Dodged            |    45 |    56 |   210 |   223 ||   534
Block: Kite shield       |    42 |   126 |   531 |   576 ||  1275
       Reflection        |       |     2 |     7 |    11 ||    20
